 Dungeon Crawl Stone Soup version 0.23.1 (webtiles) character file.

Game seed: 16543791925054118724

3347 dhn the Cleaver (level 9, -5/79 HPs)
             Began as a Minotaur Fighter on Mar 17, 2019.
             Slain by a two-headed ogre
             ... wielding a +0 giant spiked club
              (8 damage)
             ... on level 7 of the Dungeon.
             The game lasted 00:17:26 (8932 turns).

dhn the Cleaver (Minotaur Fighter)                  Turns: 8932, Time: 00:17:27

Health: -5/79      AC: 10    Str: 21    XL:     9   Next: 72%
Magic:  8/8        EV: 10    Int:  6    God:
Gold:   396        SH: 11    Dex: 12    Spells: 8/8 levels left

rFire    . . .     SeeInvis .   a - +0 war axe
rCold    . . .     Gourm    .   c - +0 shield
rNeg     . . .     Faith    .   b - +0 scale mail
rPois    .         Spirit   .   m - +1 hat
rElec    .         Reflect  .   E - +0 cloak
rCorr    .         Harm     .   (no gloves)
MR       .....                  (no boots)
Stlth    ..........             (no amulet)
HPRegen  0.23/turn              (no ring)
MPRegen  0.11/turn              (no ring)

@: no status effects
A: retaliatory headbutt, horns 2
a: no special abilities


You were on level 7 of the Dungeon.
You were near starving.

You visited 1 branch of the dungeon, and saw 8 of its levels.

You collected 396 gold pieces.

Inventory:

Hand Weapons
 a - a +0 war axe (weapon)
Armour
 b - a +0 scale mail (worn)
 c - a +0 shield (worn)
 m - a +1 hat (worn)
 B - a +0 cloak
 E - a +0 cloak (worn)
Jewellery
 A - an uncursed amulet of rage {unknown}
Wands
 z - a wand of digging (7)
Scrolls
 e - 2 scrolls of teleportation
 h - 8 scrolls of identify
 i - 7 scrolls of remove curse
 k - 3 scrolls of immolation
 n - 2 scrolls of noise {unknown}
 o - a scroll of fog {unknown}
 p - 3 scrolls of magic mapping {unknown}
 r - 2 scrolls of amnesia {unknown}
 s - 2 scrolls of random uselessness {unknown}
 y - a scroll of enchant weapon {unknown}
 C - a scroll of enchant armour {unknown}
Potions
 d - a potion of might
 g - 5 potions of curing {unknown}
 j - a potion of heal wounds {unknown}
 l - a potion of lignification {unknown}
 q - a potion of degeneration {unknown}
 t - 2 potions of resistance {unknown}
 u - 2 potions of haste
 v - 2 potions of brilliance {unknown}
 w - a potion of berserk rage {unknown}
 x - a potion of agility {unknown}
 D - a potion of invisibility {unknown}
Comestibles
 f - 10 rations


   Skills:
 + Level 7.3 Fighting
 + Level 10.6 Axes
 + Level 8.2 Armour
 + Level 3.6 Dodging
 + Level 0.8 Stealth
 + Level 7.9 Shields


You had 8 spell levels left.
You didn't know any spells.
Your spell library was empty.

Dungeon Overview and Level Annotations

Branches:
Dungeon (8/15)             Temple (0/1) D:5
   Lair: D:8-11

Altars:
Gozag
Ru
Sif Muna
Uskayaw
Xom

Shops:
D:4 }

Annotations:
D:7 1 runed translucent door, Crazy Yiuf


Innate Abilities, Weirdness & Mutations

You reflexively headbutt those who attack you in melee.
You have a pair of horns on your head.


Message History

The two-headed ogre shouts in stereo!
The phantom blinks!
The phantom blinks!
There is an open door here.
The phantom blinks!
The phantom blinks!
The phantom blinks!
The phantom blinks!
The two-headed ogre hits you with a +0 giant spiked club.
* * * LOW HITPOINT WARNING * * *
The two-headed ogre hits you with a +0 giant club!
* * * LOW HITPOINT WARNING * * *
Unknown command.
The phantom blinks!
There is an open door here.
There is a stone staircase leading up here.
The two-headed ogre hits you with a +0 giant spiked club!
* * * LOW HITPOINT WARNING * * *
The two-headed ogre hits you with a +0 giant club!
You die...

..#....##≈≈≈≈≈#### #)#.##
..#.....#######..# ##)##
..#....##.......## #.##
..'....######'#### ##.#
.##..............# #)##
.##........♣≈♣...# ##.#
...........P≈≈...# #+#
.......##..≈.≈.O.# ...
.......###.≈≈≈.#@###### #..)#
.##........♣≈....#....## #..)#
.##.............#......# #####
.#....≈≈≈♣......#.....####
.#.)..P≈♣≈......#.....##.#######
.#....≈≈≈.......##.............#
.#.....P≈#########..........♣♣.#
.#..............##....##..≈.≈≈.#
.#..............########..♣P≈P♣#


You could see a two-headed ogre.

Vanquished Creatures
  Pikel (D:5)
  Joseph (D:7)
  Prince Ribbit (D:6)
  A phantom (D:6)
  2 sky beasts
  An orc warrior (D:7)
  3 ogres
  2 centaurs
  3 bullfrogs
  2 scorpions
  5 wights
  An electric eel (D:7)
  A howler monkey (D:6)
  A centaur zombie (D:7)
  4 crimson imps
  2 jellies
  A bullfrog skeleton (D:7)
  3 centaur skeletons
  3 orc priests
  5 orc wizards
  Jessica (D:3)
  2 iguanas (D:5)
  3 worker ants
  2 worker ant zombies
  Robin (D:3)
  A gnoll (D:1)
  8 adders
  A howler monkey skeleton (D:5)
  3 shadow imps
  2 oozes
  2 adder zombies
  2 worms (D:3)
  4 dart slugs
  3 leopard geckos (D:2)
  24 orcs
  6 giant cockroaches
  12 hobgoblins
  7 jackals
  5 kobolds
  A quokka (D:6)
  7 bats
  3 frilled lizards
  15 goblins (D:3)
  A leopard gecko skeleton (D:7)
  6 rats
165 creatures vanquished.

Notes
Turn   | Place    | Note
-------+----------+-------------------------------------------
     0 | D:1      | dhn the Minotaur Fighter began the quest for the Orb.
     0 | D:1      | Reached XP level 1. HP: 19/19 MP: 0/0
   142 | D:1      | Reached XP level 2. HP: 25/27 MP: 1/1
   877 | D:2      | Reached skill level 3 in Axes
   877 | D:2      | Reached XP level 3. HP: 33/33 MP: 2/2
   917 | D:2      | Found an opulent altar of Gozag.
  1095 | D:2      | You fall through a shaft for 2 floors!
  1135 | D:4      | Reached XP level 4. HP: 29/41 MP: 3/3
  1151 | D:4      | Reached skill level 4 in Axes
  1184 | D:4      | Noticed an ogre
  1189 | D:4      | Killed an ogre
  1189 | D:4      | Reached skill level 5 in Axes
  1189 | D:4      | Reached skill level 1 in Dodging
  1189 | D:4      | Reached XP level 5. HP: 26/47 MP: 4/4
  1614 | D:3      | Reached XP level 6. HP: 52/55 MP: 5/5
  1714 | D:3      | Noticed Robin
  1729 | D:3      | Killed Robin
  1954 | D:3      | Reached skill level 5 in Fighting
  1954 | D:3      | Reached skill level 5 in Shields
  2196 | D:3      | Reached skill level 6 in Axes
  2719 | D:3      | Noticed Jessica
  2722 | D:3      | Killed Jessica
  2970 | D:4      | Found Onan's Gadget Boutique.
  3314 | D:5      | Entered Level 5 of the Dungeon
  3321 | D:5      | Found a hide-covered altar of Uskayaw.
  3334 | D:5      | Reached XP level 7. HP: 57/61 MP: 6/6
  3339 | D:5      | Reached skill level 5 in Armour
  3819 | D:5      | Reached skill level 7 in Axes
  3914 | D:5      | Found a staircase to the Ecumenical Temple.
  4373 | D:6      | Reached XP level 8. HP: 19/69 MP: 7/7
  4681 | D:6      | Noticed Pikel
  4798 | D:5      | Reached skill level 8 in Axes
  5782 | D:7      | Noticed Joseph
  5782 | D:7      | Noticed Prince Ribbit
  5854 | D:6      | Killed Prince Ribbit
  6155 | D:7      | Killed Joseph
  6210 | D:7      | Found a sacrificial altar of Ru.
  6213 | D:7      | Reached XP level 9. HP: 24/78 MP: 8/8
  6378 | D:7      | Reached skill level 9 in Axes
  6565 | D:7      | Found a runed translucent door.
  6566 | D:7      | Noticed Crazy Yiuf
  6617 | D:7      | Found a deep blue altar of Sif Muna.
  6762 | D:7      | Noticed a cyan ugly thing
  6908 | D:7      | Noticed a two-headed ogre
  7466 | D:5      | Killed Pikel
  7466 | D:5      | Reached skill level 10 in Axes
  7586 | D:6      | Found a sacrificial altar of Ru.
  7588 | D:6      | Found a sacrificial altar of Ru.
  7588 | D:6      | Found a glowing golden altar of the Shining One.
  7590 | D:6      | Found a shimmering altar of Xom.
  7590 | D:6      | Found an ancient bone altar of Kikubaaqudgha.
  7590 | D:6      | Found a bloodstained altar of Trog.
  8932 | D:7      | HP: 3/79 [two-headed ogre/+0 giant spiked club (8)]
  8932 | D:7      | Slain by a two-headed ogre

Skill      XL: |  1  2  3  4  5  6  7  8  9 |
---------------+----------------------------+-----
Fighting       | 4 5 6 7 |  7.3
Axes           | 3 5 6 7 8 10 | 10.6
Armour         | 4 6 7 8 |  8.2
Shields        | 4 5 7 |  7.9
Dodging        | 1 2 3 |  3.6
Stealth        | |  0.8

Action                   |  1- 3 |  4- 6 |  7- 9 || total
-------------------------+-------+-------+-------++-------
Melee: War axe           |    51 |   167 |   287 ||   505
       Headbutt          |     7 |    26 |    59 ||    92
  Use: Scroll            |       |       |     6 ||     6
       Potion            |       |       |     1 ||     1
  Eat: Chunk             |       |     7 |    10 ||    17
       Ration            |       |       |     2 ||     2
Armor: Scale mail        |    22 |    62 |    84 ||   168
Dodge: Dodged            |    23 |    49 |    76 ||   148
Block: Shield            |    24 |    90 |   171 ||   285
